TOP OF THE 1ST |
Great Lakes Loons batting - Pitching for Peoria Chiefs : RHP Juan Gomez
|
Pitching: RHP Juan Gomez
|
|
Batting: LHB Nate Kee
|
0-0: Called Strike 0-1: Hit by Pitch
|
Batting: LHB Tore Bosch
|
0-0: Grounds into double play, 4-6-3 (Groundball, 4S, EV 77.5 MPH)
|
Batting: LHB Jesus Ramirez
|
0-0: Ball 1-0: Ball 2-0: Ball 3-0: SINGLE (Groundball, P, EV 84.4 MPH) (infield hit)
|
Batting: SHB Xavier Alaniz
|
0-0: Swinging Strike 0-1: Foul Ball, location: 2F 0-2: Ball 1-2: Strikes out swinging
|
Top of the 1st over - 0 runs, 1 hit, 0 errors, 1 left on base; Great Lakes 0 - Peoria 0 |
BOTTOM OF THE 1ST |
Peoria Chiefs batting - Pitching for Great Lakes Loons : RHP Bob Lattin
|
Pitching: RHP Bob Lattin
|
|
Batting: RHB Fekadu Alhaadi
|
0-0: Called Strike 0-1: Fly out, F8 (Flyball, 89M, EV 82.5 MPH)
|
Batting: RHB Robby Hickman
|
0-0: Foul Ball, location: 2F 0-1: Called Strike 0-2: Ball 1-2: Strikes out swinging
|
Batting: SHB Gerardo Macias
|
0-0: Swinging Strike 0-1: DOUBLE (Flyball, 89D, EV 95.6 MPH)
|
Batting: RHB Tommy Tracy
|
0-0: Swinging Strike Passed Ball! Gerardo Macias to third 0-1: Ground out 5-3 (Groundball, 56S, EV 90.6 MPH)
|
Bottom of the 1st over - 0 runs, 1 hit, 0 errors, 1 left on base; Great Lakes 0 - Peoria 0 |
TOP OF THE 2ND |
Great Lakes Loons batting - Pitching for Peoria Chiefs : RHP Juan Gomez
|
Batting: LHB Jim Jardine
|
0-0: Ball 1-0: Called Strike 1-1: Foul Ball, location: 2F 1-2: Ball 2-2: Ball 3-2: Base on Balls
|
Batting: RHB Ruben Serrata
|
0-0: Called Strike 0-1: Foul Ball, location: 2F 0-2: Ball 1-2: Foul Ball, location: 2F 1-2: Strikes out looking
|
Batting: RHB Justin Curran
|
0-0: Called Strike Jim Jardine steals 2nd base 0-1: Ball 1-1: Ball 2-1: Foul Ball, location: 2F 2-2: Foul Ball, location: 2F 2-2: 2-RUN HOME RUN (Line Drive, 8RXD, EV 111.2 MPH), Distance : 424 ft
|
Batting: RHB Jason Baldwin
|
0-0: Fly out, F8 (Flyball, 8RD, EV 84.4 MPH)
|
Batting: RHB Trevor Conklin
|
0-0: Ball 1-0: Ball 2-0: Called Strike 2-1: Ground out 4-3 (Groundball, 4, EV 107.5 MPH)
|
Top of the 2nd over - 2 runs, 1 hit, 0 errors, 0 left on base; Great Lakes 2 - Peoria 0 |
BOTTOM OF THE 2ND |
Peoria Chiefs batting - Pitching for Great Lakes Loons : RHP Bob Lattin
|
Batting: SHB Steve Langlois
|
0-0: Called Strike 0-1: Fly out, F8 (Flyball, 8RXD, EV 99.4 MPH)
|
Batting: RHB Alex Melgoza
|
0-0: Ball 1-0: Ball 2-0: Ball 3-0: Called Strike 3-1: Called Strike 3-2: SINGLE (Line Drive, 7LS, EV 111.9 MPH)
|
Batting: RHB Richard Riggs
|
0-0: Swinging Strike 0-1: Foul Ball, location: 2F 0-2: Ball 1-2: Ball 2-2: Fly out, F3 (Line Drive, 3, EV 63.1 MPH) Lined into DP, U3 (Line Drive, 3, EV 66.2 MPH)
|
Bottom of the 2nd over - 0 runs, 1 hit, 0 errors, 0 left on base; Great Lakes 2 - Peoria 0 |
TOP OF THE 3RD |
Great Lakes Loons batting - Pitching for Peoria Chiefs : RHP Juan Gomez
|
Batting: LHB Nate Kee
|
0-0: Ball 1-0: Called Strike 1-1: Ball 2-1: Foul Ball, location: 2F 2-2: Ball 3-2: Base on Balls
|
Batting: LHB Tore Bosch
|
0-0: Ball 1-0: Called Strike 1-1: Foul Ball, location: 2F 1-2: Strikes out swinging
|
Batting: LHB Jesus Ramirez
|
0-0: Called Strike 0-1: Ball 1-1: Foul Ball, location: 2F 1-2: Strikes out swinging
|
Batting: SHB Xavier Alaniz
|
0-0: Ball 1-0: SINGLE (Line Drive, 89S, EV 92.5 MPH) Nate Kee to second Runner from 2nd tries for 3rd, SAFE, throw by RF made to third
|
Batting: LHB Jim Jardine
|
0-0: Called Strike 0-1: DOUBLE (Flyball, 89D, EV 94.4 MPH) Nate Kee scores Xavier Alaniz to third Runner from 3rd tries for Home, SAFE, throw by CF to trailing runner, SAFE at third!
|
Batting: RHB Ruben Serrata
|
0-0: Ball 1-0: Ball 2-0: Called Strike 2-1: Foul Ball, location: 2F 2-2: Ground out 2-3 (Groundball, 2R, EV 61.9 MPH)
|
Top of the 3rd over - 2 runs, 2 hits, 0 errors, 1 left on base; Great Lakes 4 - Peoria 0 |
BOTTOM OF THE 3RD |
Peoria Chiefs batting - Pitching for Great Lakes Loons : RHP Bob Lattin
|
Batting: RHB Herbert Loveless
|
0-0: Swinging Strike 0-1: Foul Ball, location: 2F 0-2: Ball 1-2: Ball 2-2: Ball 3-2: Base on Balls
|
Batting: RHB Nick Latulippe
|
0-0: Ball 1-0: Fly out, F7 (Flyball, 78M, EV 85.0 MPH)
|
Batting: RHB Fekadu Alhaadi
|
0-0: Grounds out, U3 (Groundball, 3L, EV 84.4 MPH)
|
Batting: RHB Robby Hickman
|
0-0: Ball 1-0: Foul Ball, location: 2F 1-1: SINGLE (Groundball, 25, EV 64.4 MPH) (infield hit) Herbert Loveless to third
|
Batting: SHB Gerardo Macias
|
0-0: Ball 1-0: Ball 2-0: Called Strike 2-1: Foul Ball, location: 2F 2-2: Ball 3-2: Strikes out swinging
|
Bottom of the 3rd over - 0 runs, 1 hit, 0 errors, 2 left on base; Great Lakes 4 - Peoria 0 |
TOP OF THE 4TH |
Great Lakes Loons batting - Pitching for Peoria Chiefs : RHP Juan Gomez
|
Batting: RHB Justin Curran
|
0-0: Called Strike 0-1: Ball 1-1: Foul Ball, location: 2F 1-2: Ball 2-2: Foul Ball, location: 2F 2-2: Strikes out looking
|
Batting: RHB Jason Baldwin
|
0-0: Ball 1-0: Ball 2-0: Called Strike 2-1: Ball 3-1: Foul Ball, location: 2F 3-2: Strikes out swinging
|
Batting: RHB Trevor Conklin
|
0-0: Ball 1-0: SINGLE (Line Drive, 9S, EV 99.4 MPH)
|
Batting: LHB Nate Kee
|
0-0: Ball 1-0: Swinging Strike 1-1: Foul Ball, location: 2F 1-2: Strikes out swinging
|
Top of the 4th over - 0 runs, 1 hit, 0 errors, 1 left on base; Great Lakes 4 - Peoria 0 |
BOTTOM OF THE 4TH |
Peoria Chiefs batting - Pitching for Great Lakes Loons : RHP Bob Lattin
|
Batting: RHB Tommy Tracy
|
0-0: Called Strike 0-1: Called Strike 0-2: Ball 1-2: Ball 2-2: Strikes out swinging
|
Batting: SHB Steve Langlois
|
0-0: Ball 1-0: Fly out, F4 (Popup, 4M, EV 56.9 MPH)
|
Batting: RHB Alex Melgoza
|
0-0: Swinging Strike 0-1: Ball 1-1: Foul Ball, location: 2F 1-2: Ball 2-2: Foul Ball, location: 2F 2-2: Foul Ball, location: 2F 2-2: SINGLE (Flyball, 8LS, EV 89.4 MPH)
|
Batting: RHB Richard Riggs
|
0-0: Called Strike 0-1: Reached on error, E5 (Groundball, 56, EV 106.9 MPH) Alex Melgoza to second
|
Batting: RHB Herbert Loveless
|
0-0: Ball 1-0: Fielders Choice at 2nd, 5-4 (Groundball, 56, EV 80.0 MPH)
|
Bottom of the 4th over - 0 runs, 1 hit, 1 error, 2 left on base; Great Lakes 4 - Peoria 0 |
TOP OF THE 5TH |
Great Lakes Loons batting - Pitching for Peoria Chiefs : RHP Juan Gomez
|
Batting: LHB Tore Bosch
|
0-0: Foul Ball, location: 2F 0-1: Swinging Strike 0-2: Ball 1-2: Ball 2-2: Strikes out swinging
|
Batting: LHB Jesus Ramirez
|
0-0: Fly out, F8 (Flyball, 8LS, EV 84.4 MPH)
|
Batting: SHB Xavier Alaniz
|
0-0: Ground out 3-1 (Groundball, 34S, EV 88.8 MPH)
|
Top of the 5th over - 0 runs, 0 hits, 0 errors, 0 left on base; Great Lakes 4 - Peoria 0 |
BOTTOM OF THE 5TH |
Peoria Chiefs batting - Pitching for Great Lakes Loons : RHP Bob Lattin
|
Batting: RHB Nick Latulippe
|
0-0: Ball 1-0: Ground out 4-3 (Groundball, 4MS, EV 88.8 MPH)
|
Batting: RHB Fekadu Alhaadi
|
0-0: Ball 1-0: Fly out, F8 (Flyball, 89M, EV 90.0 MPH)
|
Batting: RHB Robby Hickman
|
0-0: Ball 1-0: Ball 2-0: Ball 3-0: Called Strike 3-1: Ground out 5-3 (Groundball, 56S, EV 69.4 MPH)
|
Bottom of the 5th over - 0 runs, 0 hits, 0 errors, 0 left on base; Great Lakes 4 - Peoria 0 |
TOP OF THE 6TH |
Great Lakes Loons batting - Pitching for Peoria Chiefs : RHP Juan Gomez
|
Pitching: RHP Nick Butler
|
|
Batting: LHB Jim Jardine
|
0-0: Called Strike 0-1: Swinging Strike 0-2: Ball 1-2: Ball 2-2: Foul Ball, location: 2F 2-2: Strikes out swinging
|
Batting: RHB Ruben Serrata
|
0-0: Ball 1-0: Ball 2-0: Foul Ball, location: 2F 2-1: Foul Ball, location: 2F 2-2: Strikes out swinging
|
Batting: RHB Justin Curran
|
0-0: Ball 1-0: Swinging Strike 1-1: Ball 2-1: Called Strike 2-2: Ball 3-2: Foul Ball, location: 2F 3-2: Foul Ball, location: 2F 3-2: Foul Ball, location: 2F 3-2: Fly out, F9 (Flyball, 89S, EV 85.0 MPH)
|
Top of the 6th over - 0 runs, 0 hits, 0 errors, 0 left on base; Great Lakes 4 - Peoria 0 |
BOTTOM OF THE 6TH |
Peoria Chiefs batting - Pitching for Great Lakes Loons : RHP Bob Lattin
|
Batting: SHB Gerardo Macias
|
0-0: Ball 1-0: Ball 2-0: Ball 3-0: Called Strike 3-1: Fly out, F4 (Line Drive, 4, EV 71.9 MPH)
|
Batting: RHB Tommy Tracy
|
0-0: Ball 1-0: Foul Ball, location: 2F 1-1: Swinging Strike 1-2: Ball 2-2: Foul Ball, location: 2F 2-2: SINGLE (Line Drive, 78S, EV 102.5 MPH)
|
Batting: SHB Steve Langlois
|
0-0: SINGLE (Flyball, 9S, EV 93.1 MPH) Tommy Tracy to second Runner from 2nd tries for 3rd, SAFE, throw by RF made to third
|
Batting: RHB Alex Melgoza
|
0-0: Called Strike Steve Langlois is caught stealing 2nd base 2-4 0-1: Swinging Strike 0-2: Ball 1-2: Ground out 6-3 (Groundball, 6, EV 85.0 MPH)
|
Bottom of the 6th over - 0 runs, 2 hits, 0 errors, 1 left on base; Great Lakes 4 - Peoria 0 |
TOP OF THE 7TH |
Great Lakes Loons batting - Pitching for Peoria Chiefs : RHP Nick Butler
|
Pitching: RHP Eugene Stott
|
|
Batting: RHB Jason Baldwin
|
0-0: Foul Ball, location: 2F 0-1: Ball 1-1: SINGLE (Groundball, 56D, EV 98.8 MPH) (infield hit)
|
Batting: RHB Trevor Conklin
|
0-0: Ball 1-0: Foul Ball, location: 2F 1-1: Foul Ball, location: 2F 1-2: Ball 2-2: Strikes out swinging
|
Batting: LHB Nate Kee
|
0-0: Called Strike Jason Baldwin is caught stealing 2nd base 2-6 0-1: Foul Ball, location: 2F 0-2: Ball 1-2: Foul Ball, location: 2F 1-2: Ball 2-2: Foul Ball, location: 2F 2-2: Strikes out swinging
|
Top of the 7th over - 0 runs, 1 hit, 0 errors, 0 left on base; Great Lakes 4 - Peoria 0 |
BOTTOM OF THE 7TH |
Peoria Chiefs batting - Pitching for Great Lakes Loons : RHP Bob Lattin
|
Now at C: Javier Solis
|
|
Now at 3B: Trevor Conklin
|
|
Batting: RHB Richard Riggs
|
0-0: Called Strike 0-1: Ground out 1-3 (Groundball, 15S, EV 66.2 MPH)
|
Batting: RHB Herbert Loveless
|
0-0: Foul Ball, location: 2F 0-1: Ball 1-1: Ground out 6-3 (Groundball, 6, EV 106.2 MPH)
|
Batting: RHB Nick Latulippe
|
0-0: Ball 1-0: Called Strike 1-1: Ground out 5-3 (Groundball, 5L, EV 91.9 MPH)
|
Bottom of the 7th over - 0 runs, 0 hits, 0 errors, 0 left on base; Great Lakes 4 - Peoria 0 |
TOP OF THE 8TH |
Great Lakes Loons batting - Pitching for Peoria Chiefs : RHP Eugene Stott
|
Batting: LHB Tore Bosch
|
0-0: DOUBLE (Flyball, 89XD, EV 110.0 MPH)
|
Batting: LHB Jesus Ramirez
|
0-0: Ball 1-0: Called Strike 1-1: Called Strike 1-2: Ball 2-2: Strikes out looking
|
Batting: SHB Xavier Alaniz
|
0-0: Ball 1-0: Called Strike 1-1: Called Strike 1-2: Strikes out looking
|
Batting: LHB Jim Jardine
|
0-0: Ball 1-0: Called Strike 1-1: Ground out 4-3 (Groundball, 34D, EV 82.5 MPH)
|
Top of the 8th over - 0 runs, 1 hit, 0 errors, 1 left on base; Great Lakes 4 - Peoria 0 |
BOTTOM OF THE 8TH |
Peoria Chiefs batting - Pitching for Great Lakes Loons : RHP Bob Lattin
|
Batting: RHB Fekadu Alhaadi
|
0-0: Swinging Strike 0-1: Ball 1-1: Ball 2-1: Foul Ball, location: 2F 2-2: Strikes out swinging
|
Batting: RHB Robby Hickman
|
0-0: Called Strike 0-1: Foul Ball, location: 2F 0-2: Ball 1-2: SINGLE (Line Drive, 7S, EV 88.1 MPH)
|
Batting: SHB Gerardo Macias
|
0-0: Ball 1-0: Ball 2-0: Swinging Strike 2-1: SINGLE (Groundball, 4, EV 110.0 MPH) Robby Hickman to second Runner from 2nd tries for 3rd, OUT! 8-5
|
Batting: RHB Tommy Tracy
|
0-0: Called Strike 0-1: Swinging Strike 0-2: Strikes out swinging
|
Bottom of the 8th over - 0 runs, 2 hits, 0 errors, 1 left on base; Great Lakes 4 - Peoria 0 |
TOP OF THE 9TH |
Great Lakes Loons batting - Pitching for Peoria Chiefs : RHP Eugene Stott
|
Batting: RHB Ruben Serrata
|
0-0: Ball 1-0: Ball 2-0: Ball 3-0: Called Strike 3-1: Foul Ball, location: 2F 3-2: Strikes out swinging
|
Batting: RHB Justin Curran
|
0-0: Ball 1-0: Called Strike 1-1: Swinging Strike 1-2: Ball 2-2: Ball 3-2: Fly out, F3 (Popup, 34S, EV 75.6 MPH)
|
Batting: RHB Jason Baldwin
|
0-0: Called Strike 0-1: Called Strike 0-2: Strikes out swinging
|
Top of the 9th over - 0 runs, 0 hits, 0 errors, 0 left on base; Great Lakes 4 - Peoria 0 |
BOTTOM OF THE 9TH |
Peoria Chiefs batting - Pitching for Great Lakes Loons : RHP Bob Lattin
|
Pitching: RHP Gabe Pomales
|
|
Batting: SHB Steve Langlois
|
0-0: Ball 1-0: Ball 2-0: Called Strike 2-1: Ground out 4-3 (Groundball, 4, EV 102.5 MPH)
|
Batting: RHB Alex Melgoza
|
0-0: Ball 1-0: Swinging Strike 1-1: Ball 2-1: Swinging Strike 2-2: Foul Ball, location: 2F 2-2: Ball 3-2: Foul Ball, location: 2F 3-2: Foul Ball, location: 2F 3-2: Ground out 6-3 (Groundball, 6, EV 85.6 MPH)
|
Batting: RHB Richard Riggs
|
0-0: Ball 1-0: Fly out, F9 (Flyball, 9LM, EV 101.2 MPH)
|
Bottom of the 9th over - 0 runs, 0 hits, 0 errors, 0 left on base; Great Lakes 4 - Peoria 0 |
|